 Dungeon Crawl Stone Soup version 0.22.0-75-g3901e79 (webtiles) character file.

266 ichi404 the Skirmisher (level 6, -14/53 HPs)
             Began as a Hill Orc Fighter on Sept 11, 2018.
             Demolished by an ogre
             ... wielding a +0 giant spiked club
              (17 damage)
             ... on level 4 of the Dungeon.
             The game lasted 00:13:15 (3624 turns).

ichi404 the Skirmisher (Hill Orc Fighter)           Turns: 3624, Time: 00:13:16

Health: -14/53     AC:  7    Str: 20    XL:     6   Next: 20%
Magic:  6/6        EV:  8    Int:  8    God:
Gold:   158        SH:  9    Dex: 11    Spells: 5/5 levels left

rFire    . . .     SeeInvis .   a - +0 flail
rCold    . . .     Gourm    .   c - +0 shield
rNeg     . . .     Faith    .   b - +0 scale mail
rPois    .         Spirit   .   (no helmet)
rElec    .         Reflect  .   (no cloak)
rCorr    .         Harm     .   (no gloves)
MR       .....                  (no boots)
Stlth    ..........             (no amulet)
HPRegen  0.17/turn              (no ring)
MPRegen  0.10/turn              (no ring)

@: no status effects
A: no striking features
a: no special abilities


You were on level 4 of the Dungeon.
You were not hungry.

You visited 1 branch of the dungeon, and saw 4 of its levels.

You collected 158 gold pieces.

Inventory:

Hand Weapons
 a - a +0 flail (weapon)
 s - a +0 short sword of speed
 x - a +0 morningstar
 y - a +0 blowgun
Armour
 b - a +0 scale mail (worn)
 c - a +0 shield (worn)
 g - a +0 cloak
 h - a +1 cloak of magic resistance
 u - a scarf of spirit shield
 z - a +0 large shield
Wands
 w - a wand of polymorph (12)
Scrolls
 i - 2 scrolls of magic mapping {unknown}
 j - a scroll of random uselessness {unknown}
 m - 2 scrolls of teleportation {unknown}
 o - a scroll of fear {unknown}
 q - a scroll of remove curse {unknown}
 r - a scroll of immolation {unknown}
 t - 2 scrolls of identify {unknown}
 v - a scroll of blinking {unknown}
Potions
 d - a potion of might
 e - a potion of curing {unknown}
 k - a potion of heal wounds {unknown}
 l - 2 potions of lignification
 n - a potion of cancellation {unknown}
 p - a potion of brilliance {unknown}
 A - a potion of haste {unknown}
Comestibles
 f - 5 rations


   Skills:
 + Level 4.6 Fighting
 + Level 3.8 Maces & Flails
 + Level 4.5 Armour
 + Level 1.4 Dodging
 + Level 0.1 Stealth
 + Level 4.6 Shields


You had 5 spell levels left.
You didn't know any spells.
Your spell library was empty.

Dungeon Overview and Level Annotations

Branches:
Dungeon (4/15)
 Temple: D:4-7

Altars:
Fedhas
Trog
Zin


Message History

An ogre comes into view. It is wielding a giant spiked club.
The ogre shouts!
You hit the ogre.
The ogre is lightly wounded.
You block the ogre's attack.
You barely miss the ogre.
The ogre is lightly wounded.
You block the ogre's attack.
You barely miss the ogre.
The ogre is lightly wounded.
The ogre hits you with a giant spiked club!
Your shield and scale mail prevent you from hitting the ogre.
The ogre is lightly wounded.
The ogre hits you with a giant spiked club!
You sock the ogre!
The ogre is moderately wounded.
The ogre hits you with a giant spiked club!
* * * LOW HITPOINT WARNING * * *
The ogre hits you with a giant spiked club!
You die...

#.##### #####.#...#
..........# ###...†...#
###.......###############
.........................
###.#.#.#.#######.#######
#.#.#.#.#######O#######.
#.#.#.#.#...<.@.........
#.#.#.#.#.........#.....
#.#.#.#.........# ...
#.#.######..### . #.#
#..# #..# #..# #..#


You could see an ogre.

Vanquished Creatures
  A howler monkey (D:4)
  Natasha (thrice) (D:3)
  5 adders
  2 oozes
  2 worms
  A dart slug (D:1)
  3 leopard geckos
  6 orcs (D:2)
  9 bats
  4 giant cockroaches
  5 goblins
  7 hobgoblins
  6 jackals
  9 kobolds
  3 quokkas
  A ball python (D:3)
  6 frilled lizards
  A jackal skeleton (D:4)
  12 rats
86 creatures vanquished.

Notes
Turn   | Place    | Note
-------+----------+-------------------------------------------
     0 | D:1      | ichi404 the Hill Orc Fighter began the quest for the Orb.
     0 | D:1      | Reached XP level 1. HP: 19/19 MP: 1/1
   319 | D:1      | Reached XP level 2. HP: 27/27 MP: 2/2
   699 | D:1      | Reached XP level 3. HP: 30/33 MP: 3/3
  1499 | D:2      | Reached XP level 4. HP: 25/40 MP: 4/4
  1814 | D:2      | Found a glowing silver altar of Zin.
  2288 | D:3      | Reached skill level 1 in Dodging
  2359 | D:3      | Noticed Natasha
  2371 | D:3      | Killed Natasha
  2371 | D:3      | Reached XP level 5. HP: 37/46 MP: 5/5
  2505 | D:3      | Found a blossoming altar of Fedhas.
  2586 | D:3      | Noticed a moth of wrath
  2589 | D:3      | Found a bloodstained altar of Trog.
  2590 | D:3      | Noticed Natasha
  2611 | D:3      | Killed Natasha
  2805 | D:3      | Noticed Natasha
  2823 | D:3      | Killed Natasha
  3583 | D:4      | Reached XP level 6. HP: 36/53 MP: 6/6
  3624 | D:4      | Demolished by an ogre

Skill      XL: |  1  2  3  4  5 |
---------------+----------------+-----
Fighting       | 4 |  4.6
Armour         | 4 |  4.5
Maces & Flails | 3 |  3.8
Dodging        | 1 |  1.4
Shields        | 4 |  4.6
Stealth        | |  0.1

Action                   |  1- 3 |  4- 6 || total
-------------------------+-------+-------++-------
Melee: Flail             |   132 |   190 ||   322
  Use: Potion            |       |     1 ||     1
  Eat: Ration            |     1 |     2 ||     3
Armor: Scale mail        |    81 |    85 ||   166
       Skin              |       |     4 ||     4
Dodge: Dodged            |    54 |    68 ||   122
Block: Shield            |    63 |   135 ||   198
